 Dungeon Crawl Stone Soup version 0.30-a0-728-gc68057be0a (webtiles) character file.

Game seed: 8658267116026795878

3003 browni3141 the Digger (level 10, 0/67 (70) HPs)
             Began as a Human Earth Elementalist on Jan 30, 2023.
             Was a Believer of Kikubaaqudgha.
             Slain by a gnoll sergeant
             ... wielding a +2 spear of pain
              (6 damage)
             ... on level 8 of the Dungeon.
             The game lasted 00:18:23 (8048 turns).

browni3141 the Digger (Human Earth Elementalist)    Turns: 8048, Time: 00:18:23

HP:   0/67 (70)     AC:  3    Str:  9    XL:     10   Next: 9%
MP:   9/25          EV: 17    Int: 19    God:    Kikubaaqudgha [**....]
Gold: 259           SH:  3    Dex: 14    Spells: 3/15 levels left

rFire   + . .      SeeInvis .    E - +1 short sword (venom)
rCold   . . .      Faith    +    O - +0 buckler
rNeg    . . .      Spirit   .    q - +0 robe {rF+}
rPois   .          Reflect  .    (no helmet)
rElec   .          Harm     .    (no cloak)
rCorr   .          Rampage  .    s - +0 pair of gloves
Will    +....                    (no boots)
Stlth   +++                      o
                                   - Hermit's Pendant {Faith Invo=14 Evo=0 MP+5}
HPRegen 0.31/turn                x - +5 ring of evasion
MPRegen 0.19/turn                p - ring of willpower

@: confusing by touch, lightly drained
A: no striking features
a: Renounce Religion, Unearth Wretches


You were on level 8 of the Dungeon.
You worshipped Kikubaaqudgha.
Kikubaaqudgha was pleased with you.
You visited 2 branches of the dungeon, and saw 9 of its levels.
You also visited: Sewer.

You collected 359 gold pieces.
You spent 100 gold pieces at shops.

Inventory:

Hand Weapons
 c - a +0 short sword
 E - a +1 short sword of venom (weapon)
Missiles
 m - 11 curare-tipped darts
 J - 36 poisoned darts
Armour
 a - a +0 robe
 q - a +0 robe of fire resistance (worn)
 s - a +0 pair of gloves (worn)
 O - a +0 buckler (worn)
 P - the -1 cloak "Ybratuos" {-Tele rElec Will+++ SInv}
   (You found it on level 7 of the Dungeon)

   rElec:     It insulates you from electricity.
   SInv:      It lets you see invisible.
   -Tele:     It prevents most forms of teleportation.
   Will:      It greatly increases your willpower.
Magical Staves
 D - a staff of air
Jewellery
 l - a ring of magical power
 o - the Hermit's Pendant (around neck) {Faith Invo=14 Evo=0 MP+5}
   (You found it on level 2 of the Dungeon)

   [amulet of faith]

   Invo=14: It sets your Invocations skill to 14.
   Evo=0: It sets your Evocations skill to 0.
   It allows you to gain divine favour quickly.
   MP:        It affects your magic capacity (+5).
 p - a ring of willpower (right hand)
 x - a +5 ring of evasion (left hand)
 z - a +6 ring of strength
 B - a ring of see invisible
 C - a ring of positive energy
Wands
 v - a wand of iceblast (1)
 K - a wand of flame (6)
 Q - a wand of digging (1)
 T - a wand of paralysis (5)
 U - a wand of acid (6)
Scrolls
 d - a scroll of poison
 e - a scroll of immolation
 g - a scroll of silence
 k - 2 scrolls of teleportation
 n - 2 scrolls of amnesia {unknown}
 r - a scroll of torment {unknown}
 t - a scroll of noise
 y - a scroll of vulnerability
 N - 3 scrolls of fear {unknown}
 R - a scroll of blinking {unknown}
 S - 5 scrolls of identify
Potions
 b - 3 potions of magic
 f - 3 potions of might
 h - 3 potions of curing
 i - a potion of ambrosia
 j - 3 potions of invisibility {unknown}
 u - a potion of lignification {unknown}
 w - a potion of heal wounds {unknown}
 A - a potion of attraction {unknown}
 F - a potion of mutation {unknown}
 G - 5 potions of cancellation {unknown}
 H - 3 potions of haste {unknown}
 I - 4 potions of brilliance {unknown}
 L - 5 potions of flight
 M - 2 potions of degeneration {unknown}


   Skills:
 - Level 3.0 Fighting
 - Level 3.0 Short Blades
 - Level 2.0 Dodging
 - Level 6.0 Stealth
 - Level 3.0 Spellcasting
 - Level 4.0 Conjurations
 - Level 6.0 Hexes
 - Level 3.0 Necromancy
 - Level 3.0 Transmutations
 * Level 7.5 Earth Magic


You had 3 spell levels left.
You knew the following spells:

 Your Spells              Type           Power      Damage    Failure   Level
a - Sandblast             Erth           62%        2d14      1%          1
b - Passwall              Tmut/Erth      18%        N/A       3%          2
c - Slow                  Hex            100%       N/A       1%          1
d - Confusing Touch       Hex            25%        N/A       5%          3
e - Stone Arrow           Conj/Erth      48%        3d10      6%          3
f - Cigotuvi's Dreadful   Necr/Pois/Air  12%        N/A       21%         2

Your spell library contained the following spells:

 Spells                   Type           Power      Damage    Failure   Level
 Kiss of Death            Conj/Necr      64%        2d10      4%          1
 Necrotise                Necr           56%        1d6       6%          1
 Vampiric Draining        Necr           14%        2d7       19%         3
 Scorch                   Fire           4%         2d5       30%         2
 Petrify                  Tmut/Erth      22%        N/A       24%         4
 Animate Armour           Summ/Erth      34%        N/A       41%         4
 Flame Wave               Conj/Fire      10%        2d6       65%         4
 Summon Cactus Giant      Summ           1%         N/A       100%        6
 Lehudib's Crystal Spear  Conj/Erth      12%        10d4      100%        8


Dungeon Overview and Level Annotations

Branches:
Dungeon (8/15)             Temple (1/1) D:5           Sewer (visited)
   Lair: D:8-11

Altars:
Ashenzari
Cheibriados
Elyvilon
Fedhas
Gozag
Hepliaklqana
Kikubaaqudgha
Makhleb
Nemelex Xobeh
Okawaru
Qazlal
Sif Muna
Trog
Uskayaw
Vehumet
Wu Jian
Xom
Zin

Shops:
D:2 (

Annotations:
D:8 exclusion: acid dragon


Message History

Confirm with . or Enter, or press ? or * to list all spells.
Aiming: Stone Arrow (dangerous; 6% risk of failure)
Press: ? - help, Shift-Dir - straight line, f - gnoll sergeant
Aim: a gnoll sergeant, wielding a +2 spear of pain, wearing a +0 scale mail and wearing a +0 buckler (79% to hit)
The gnoll sergeant blocks the stone arrow.
The gnoll sergeant closely misses you.
Casting: Stone Arrow (dangerous; 6% risk of failure)
Confirm with . or Enter, or press ? or * to list all spells.
Aiming: Stone Arrow (dangerous; 6% risk of failure)
Press: ? - help, Shift-Dir - straight line, f/p - gnoll sergeant
Aim: a gnoll sergeant, wielding a +2 spear of pain, wearing a +0 scale mail and wearing a +0 buckler (79% to hit)
The stone arrow hits the gnoll sergeant but does no damage.
The gnoll sergeant misses you.
Casting: Stone Arrow (dangerous; 6% risk of failure)
Confirm with . or Enter, or press ? or * to list all spells.
Aiming: Stone Arrow (dangerous; 6% risk of failure)
Press: ? - help, Shift-Dir - straight line, f/p - gnoll sergeant
Aim: a gnoll sergeant, wielding a +2 spear of pain, wearing a +0 scale mail and wearing a +0 buckler (79% to hit)
The stone arrow hits the gnoll sergeant.
The gnoll sergeant is lightly wounded.
The gnoll sergeant closely misses you.
Casting: Stone Arrow (dangerous; 6% risk of failure)
Confirm with . or Enter, or press ? or * to list all spells.
Your hands begin to glow red.
The gnoll sergeant hits you from afar with a +2 spear of pain!
The gnoll sergeant hits you with a +2 spear of pain!
You barely miss the gnoll sergeant.
The gnoll sergeant is lightly wounded.
The gnoll sergeant hits you with a +2 spear of pain!
* * * LOW HITPOINT WARNING * * *
You hit the gnoll sergeant but do no damage.
The gnoll sergeant is lightly wounded.
The gnoll sergeant hits you with a +2 spear of pain!
* * * LOW HITPOINT WARNING * * *
The gnoll sergeant hits you from afar with a +2 spear of pain!
* * * LOW HITPOINT WARNING * * *
You feel better.
The gnoll sergeant hits you from afar with a +2 spear of pain.
You die...
Kikubaaqudgha rasps: "You have failed me!
Welcome... death!"

.####.#
.####.######### ..
.##........#.. .. #
.##.#.####.#.# ..
.. .##.#.# #.#.#
.###. ......# #...#
.... ###.### ###.#
..# #.# #.#####..#
#.########....@.g.#
#.#...##.....####)#
#...#.##.....# ).
###...##.....# .#
#.###.#.....# #
#..#.##.....#
#.########### #.#
... ####.##...#.


You could see a gnoll sergeant.

Vanquished Creatures
  2 steam dragons
  A water moccasin (D:7)
  An orc warrior (D:6)
  A centaur (D:7)
  2 ogres
  3 phantoms
  3 kobold brigands
  A bullfrog (D:7)
  2 necrophages
  5 scorpions
  9 killer bees (D:8)
  4 howler monkeys
  2 vampire bats (D:3)
  4 hounds
  4 jellies
  An orc priest (D:6)
  2 gnoll boudas
  An iguana (D:4)
  2 orc wizards (D:6)
  13 gnolls
  6 adders
  6 river rats (Sewer)
  A white imp (D:4)
  3 worms
  8 orcs
  6 ball pythons
  3 bats
  2 bat skeletons (D:3)
  4 bat zombies (D:3)
  3 endoplasms
  5 giant cockroaches (D:5)
  10 hobgoblins
  4 jackals
  30 kobolds
  9 quokkas
  A frilled lizard (D:2)
  4 goblins
  22 rats
190 creatures vanquished.

Notes
Turn   | Place    | Note
-------+----------+-------------------------------------------
     0 | D:1      | browni3141 the Human Earth Elementalist began the quest for
                  | the Orb.
     0 | D:1      | Reached XP level 1. HP: 13/13 MP: 3/3
    68 | D:1      | Reached skill level 1 in Fighting
    79 | D:1      | Reached XP level 2. HP: 21/21 MP: 1/5
    87 | D:1      | Learned a level 2 spell: Passwall
   751 | D:1      | Learned a level 1 spell: Slow
   752 | D:2      | Found Eninud's Weapon Shoppe.
   756 | D:2      | Reached XP level 3. HP: 26/26 MP: 3/6
   951 | D:2      | Bought 6 curare-tipped darts for 100 gold pieces
   999 | D:2      | Found the Hermit's Pendant {Faith Invo=14 Evo=0 MP+5}
  1359 | D:2      | Found a stormy altar of Qazlal.
  1385 | D:2      | Reached skill level 1 in Hexes
  1938 | D:3      | Reached XP level 4. HP: 31/32 MP: 13/13
  1942 | D:3      | Learned a level 3 spell: Confusing Touch
  1998 | D:3      | Found an ancient bone altar of Kikubaaqudgha.
  2005 | D:3      | Reached XP level 5. HP: 36/37 MP: 14/14
  2171 | D:3      | Found a faded altar of an unknown god.
  2258 | D:3      | Found a faded altar of an unknown god.
  2269 | D:3      | Found a shimmering altar of Xom.
  2410 | D:4      | Found a broken altar of Ashenzari.
  2418 | D:4      | Noticed an ogre
  2488 | D:4      | Killed an ogre
  2489 | D:4      | Reached XP level 6. HP: 43/43 MP: 16/16
  2564 | D:4      | Reached skill level 5 in Hexes
  2721 | D:4      | Reached XP level 7. HP: 48/48 MP: 17/17
  3240 | D:5      | Entered Level 5 of the Dungeon
  3267 | D:5      | Reached skill level 1 in Short Blades
  3282 | D:5      | Found a hide-covered altar of Uskayaw.
  3515 | D:5      | Found a staircase to the Ecumenical Temple.
  3541 | D:4      | Reached XP level 8. HP: 54/54 MP: 18/18
  3623 | D:5      | Found a glowing drain.
  3631 | Sewer    | Entered a sewer
  4413 | Sewer    | Reached skill level 5 in Stealth
  4981 | Temple   | Entered the Ecumenical Temple
  5169 | D:3      | Became a worshipper of Kikubaaqudgha
  5869 | D:5      | Learned a level 3 spell: Stone Arrow
  5921 | D:6      | Reached XP level 9. HP: 63/63 MP: 19/19
  5957 | D:6      | Reached skill level 1 in Conjurations
  5957 | D:6      | Reached skill level 4 in Earth Magic
  6151 | D:6      | Reached * piety under Kikubaaqudgha
  6151 | D:6      | Received a gift from Kikubaaqudgha
  6181 | D:6      | Reached skill level 5 in Earth Magic
  6294 | D:6      | Found an iron altar of Okawaru.
  6298 | D:6      | Learned a level 2 spell: Cigotuvi's Dreadful Rot
  6475 | D:7      | Found a white marble altar of Elyvilon.
  6579 | D:6      | Reached skill level 1 in Necromancy
  6787 | D:7      | Identified the -1 cloak "Ybratuos" {-Tele rElec Will+++
                  | SInv}
  6872 | D:7      | Found a shimmering blue altar of Sif Muna.
  6952 | D:7      | Found a glowing silver altar of Zin.
  6978 | D:7      | Found an opulent altar of Gozag.
  7017 | D:7      | Found a burning altar of Makhleb.
  7017 | D:7      | Found a bloodstained altar of Trog.
  7257 | D:8      | Reached skill level 6 in Earth Magic
  7519 | D:8      | Reached ** piety under Kikubaaqudgha
  7520 | D:8      | Reached XP level 10. HP: 18/61 MP: 11/20
  7521 | D:8      | Reached skill level 7 in Earth Magic
  7786 | D:8      | Found a hazy altar of Hepliaklqana.
  8047 | D:8      | HP: 1/67 [gnoll sergeant/+2 spear of pain (12)]
  8048 | D:8      | Slain by a gnoll sergeant

Illustrated notes

Levels and vault maps discovered:
D:1:      lightli_arrival_windingriver, layout_rooms, hex_medium, minivault_26,
          columned_hall_lemuel, chequers_serial_rivers_room_a
D:2:      layout_basic, basic_altar, serial_shops, nicolae_shop_waterfront
D:3:      layout_rooms, nicolae_overflow_ecumenical_swirl,
          kennysheep_vampire_church, hellmonk_ecumenical_altar_slurped_away
D:4:      layout_loops_ring, evilmike_ruin_ashenzari, chequers_mini_garden
D:5:      layout_rooms, eat_drink_and_be_merry_uskayaw,
          minmay_temple_entry_stoned_glass, gup_sewer_entry_pipe
D:6:      layout_cave_pools, mainiacjoe_overflow_catwalk
D:7:      layout_rooms, pdpol_temple_overflow_zin_treasury_gozag_greed,
          mainiacjoe_overflow_divided_tiny, elyvilon_altar_4, led_sif_pool
D:8:      layout_loops_cross, mainiacjoe_overflow_six_doors_small,
          lemuel_coloured_pillars_altar
Temple:   nicolae_temple_two_arcs

Skill      XL: |  1  2  3  4  5  6  7  8  9 10 |
---------------+-------------------------------+-----
Fighting       | 1 3 |  3.0
Transmutations | 2 3 |  3.0
Hexes          | 1 2 4 5 6 |  6.0
Spellcasting   | 3 |  3.0
Short Blades   | 2 3 |  3.0
Stealth        | 3 6 |  6.0
Conjurations   | 4 |  4.0
Earth Magic    | 6 7 |  7.5
Necromancy     | 3 |  3.0
Dodging        | |  2.0

Action                     |  1- 3 |  4- 6 |  7- 9 | 10-12 || total
---------------------------+-------+-------+-------+-------++-------
  Melee: Short sword       |    18 |    10 |   140 |     2 ||   170
         Punch             |       |       |     3 |       ||     3
  Throw: Dart              |       |       |     4 |       ||     4
   Cast: Sandblast         |    53 |    54 |   220 |    15 ||   342
         Confusing Touch   |       |     1 |     7 |     1 ||     9
         Stone Arrow       |       |       |     2 |     3 ||     5
         Slow              |       |       |     2 |       ||     2
         Cigotuvi's Dreadf |       |       |     2 |       ||     2
  Evoke: Wand              |       |     3 |    11 |       ||    14
    Use: Scroll            |     1 |     1 |    10 |       ||    12
         Potion            |       |       |       |     1 ||     1
   Stab: Paralysed         |       |       |     3 |       ||     3
         Confused          |       |       |     3 |       ||     3
         Sleeping          |       |       |     1 |       ||     1
 Armour: Robe              |     5 |    22 |    34 |       ||    61
  Dodge: Dodged            |    16 |    40 |   211 |    16 ||   283
  Block: Buckler           |       |       |     9 |     1 ||    10

Table legend: (Time is in decaauts)
 A = Elapsed time spent in this place.
 B = Non-inter-level travel time spent in this place.
 C = Inter-level travel time spent in this place.
 D = Time resting spent in this place.
 E = Time spent auto-exploring this place.
 F = Levels seen in this place.
 G = Mean time per level.
                   A        B        C        D        E       F      G
               +--------+--------+--------+--------+--------+-----+--------+
         Total |   8236 |   7693 |    543 |    561 |   5501 |  10 |  823.6 |
       Dungeon |   6923 |   6387 |    536 |    398 |   4595 |   8 |  865.4 |
        Temple |    118 |    111 |      7 |      0 |    107 |   1 |  118.0 |
         Sewer |   1193 |   1193 |      0 |    163 |    798 |   1 | 1193.0 |
               +--------+--------+--------+--------+--------+-----+--------+

Top non-repeatable levels by time:
   Sewer: 1193 daAuts
     D:6: 1074 daAuts
     D:4: 999 daAuts
     D:2: 939 daAuts
     D:5: 881 daAuts
     D:8: 856 daAuts
     D:3: 780 daAuts
     D:1: 762 daAuts
     D:7: 629 daAuts
  Temple: 118 daAuts
